Map: El Dorado

Players

llllllllllll - Winner!

  • Race: Zerg Zerg
  • League: Diamond
  • Spawn Location: 5:00

BubbleLove

  • Race: Protoss Protoss
  • League: Diamond
  • Spawn Location: 7:00

VOD

Have the link to the VOD?

Description

Time

  • Played on: April 25, 2025, 9:02 a.m.
  • Length: 2:18
Show
View Real Time Build Order
Export as new Build Order

llllllllllll Zerg - Winner!

Build Orders: Pool Only 

Get SALT Encoding   

  12  0:18  Spawning Pool  
  11  0:22  Drone  
  11  0:27  Drone  
  13  0:32  Drone  
  14  0:41  Overlord  
  14  1:05  Zergling x4  
  14  1:06  Zergling x2  
  17  1:17  Zergling x2  
  18  1:28  Zergling x2  
  19  1:40  Zergling x2  
  20  1:58  Zergling x2  
Show
View Real Time Build Order
Export as new Build Order

BubbleLove Protoss 

Build Orders:  

Get SALT Encoding   

  12  0:00  Probe  
  13  0:13  Probe  
  14  0:20  Pylon  
  14  0:25  Probe  
  15  0:35  Probe  
  15  0:41  Gateway  
  16  0:43  Probe  
  17  0:50  Assimilator  
  17  0:52  Probe  
  18  1:07  Gateway  
  18  1:09  Probe  
  19  1:20  Zealot  
  19  1:21  Probe  
  20  1:31  Cybernetics Core  
  22  1:38  Probe  
  23  1:44  Pylon  
  23  2:01  Probe  
Tags
 
Matchup
PvZ
Opening
Pool Only
Replay Pack
kreditionep2
Spawn Locations
Close Positions
Add a new tag
Caveats
  • Supply blocks, unpowered buildings, or Contaminate may cause inaccurate times.
  • Supply counts are checked every 10 seconds.